 Dungeon Crawl Stone Soup version 0.29.0-4-gdea44cf6ec (webtiles) character file.

Game seed: 8039129851372694449

1 qw the Sneak (level 1, -1/14 HPs)
             Began as a Gargoyle Delver on Sept 10, 2022.
             Slain by Grinder (2 damage)
             ... on level 4 of the Dungeon.
             The game lasted 00:00:01 (21 turns).

qw the Sneak (Gargoyle Delver)                        Turns: 21, Time: 00:00:01

Health: -1/14      AC:  5    Str: 15    XL:     1   Next: 20%
Magic:  1/1        EV: 11    Int: 10    God:
Gold:   0          SH:  0    Dex: 11    Spells: 0/0 levels left

rFire   . . .      SeeInvis .   a - +0 hand axe
rCold   . . .      Faith    .   (no shield)
rNeg    + . .      Spirit   .   b - +0 leather armour
rPois   inf        Reflect  .   (no helmet)
rElec   +          Harm     .   (no cloak)
rCorr   .          Rampage  .   (no gloves)
Will    .....                   (no boots)
Stlth   +++.......              (no amulet)
HPRegen 0.04/turn               (no ring)
MPRegen 0.07/turn               (no ring)

@: no status effects
A: sickness immunity, AC +2, negative energy resistance 1, electricity
resistance, torment resistance 1, petrification resistance
a: no special abilities


You were on level 4 of the Dungeon.
You visited 1 branch of the dungeon, and saw 2 of its levels.


Innate Abilities, Weirdness & Mutations

You are immune to sickness and miasma.
Your stone body is resilient. (AC +2)
You are immune to poison.
You resist negative energy. (rN+)
You are resistant to electric shocks. (rElec)
You are resistant to unholy torment.
You are immune to petrification.


   Skills:
 - Level 3.2 Fighting
 + Level 1.9 Axes
 - Level 1.5 Dodging
 - Level 5.4 Stealth


You couldn't memorise any spells.
You didn't know any spells.
Your spell library was empty.

Inventory:

Hand Weapons
 a - a +0 hand axe (weapon)
Armour
 b - a +0 leather armour (worn)
Wands
 g - a wand of digging (3)
Potions
 f - a potion of haste

Dungeon Overview and Level Annotations

Branches:
Dungeon (5/15)
 Temple: D:4-7

Altars:

Annotations:
D:4 Grinder


Message History

There are monsters nearby!
Existing waypoints: (2) D:5 Assign waypoint to what number? (0-9, D - delete waypoint) Waypoint 1 assigned to D:4.
Enter note:
Found a pair of gloves.
The kobold barely misses you.
You closely miss the kobold. The kobold barely misses you.
An adder comes into view.
The adder hisses angrily.
You hit the kobold.
You kill the kobold!
The hound closely misses you.
You hit the hound.
The hound is lightly wounded.
The hound bites you but does no damage. The hound completely misses you.
You miss the hound.
The hound is lightly wounded.
The hound bites you. The dart slug launches a dart at you.
The slug dart hits you. The hound closely misses you.
You closely miss the hound.
The hound is lightly wounded.
You hit Grinder but do no damage. The hound bites you but does no damage.
Grinder closely misses you. Grinder hits you.
You writhe in agony.
The hound barely misses you.
You closely miss the hound.
The hound is lightly wounded.
You hit Grinder. You barely miss the adder. The adder completely misses you.
The hound closely misses you. Grinder hits you but does no damage.
You barely miss the hound.
The hound is lightly wounded.
You closely miss the adder. You closely miss Grinder. The hound bites you.
The adder barely misses you. The hound bites you but does no damage.
The adder closely misses you. Grinder hits you.
You die...

#... ..#.. #.#.
#[.... #.##...
#......
.......##.......
#...............
#..........=....
........)S......
......[h@.......
##....5........
#....>w.......
........####....
........# ...
...####.# .. ..
#.# . . #.. #..


You could see Grinder, a hound, an adder and a dart slug.

Vanquished Creatures
  A kobold (D:4)
1 creature vanquished.

Notes
Turn   | Place    | Note
-------+----------+-------------------------------------------
     0 | D:5      | qw the Gargoyle Delver began the quest for the Orb.
     0 | D:5      | Reached XP level 1. HP: 14/14 MP: 1/1
     0 | D:5      | 0 ||| qw: Version: 0.1-a-117-gfe26ee0
     0 | D:5      | 0 ||| qw: Game counter: 9824
     0 | D:5      | 0 ||| qw: Always use a shield: true
     0 | D:5      | 0 ||| qw: God list: Okawaru
     0 | D:5      | 0 ||| qw: Allow faded altars: false
     0 | D:5      | 0 ||| qw: Do Orc after D:15 true
     0 | D:5      | 0 ||| qw: Do second Lair branch before Depths: true
     0 | D:5      | 0 ||| qw: Lair rune preference: random
     0 | D:5      | 0 ||| qw: Plans: Normal
     0 | D:5      | 0 ||| PLANNING D:1-11
     1 | D:5      | 1 ||| DROPPING scroll of fog.
     2 | D:5      | 2 ||| DROPPING scroll of magic mapping.
     3 | D:5      | 3 ||| DROPPING scroll of fear.
    12 | D:4      | Noticed Grinder
    12 | D:4      | Noticed a hound
    19 | D:4      | HP: 3/14 [Grinder (2)]
    21 | D:4      | HP: 1/14 [hound (2)]
    21 | D:4      | Slain by Grinder

Levels and vault maps discovered:
D:4:      layout_cave_pools, minmay_temple_entry_large_hall, serial_shops, shop,
          nicolae_shop_firing_range, uniq_grinder, uniq_ijyb
D:5:      layout_basic, okawaru_trees_2, uniq_crazy_yiuf_cottage

Action                   || total
-------------------------++-------
Melee: Hand axe          ||     7
Armor: Leather armour    ||     4
Dodge: Dodged            ||    11

Table legend:
 A = Non-vault XP
 B = Vault XP
 C = Vault XP percentage of total XP
 D = Non-vault monster count
 E = Vault monster count
 F = Vault count percentage of total count
                 A         B        C        D         E       F
            +---------+---------+-------+---------+---------+-------
      Total |       2 |       0 |   0.0 |       1 |       0 |   0.0
            +---------+---------+-------+---------+---------+-------
        D:4 |       2 |       0 |   0.0 |       1 |       0 |   0.0
            +---------+---------+-------+---------+---------+-------
